 Dungeon Crawl Stone Soup version 0.29-a0-323-g050149af67 (webtiles) character file.

Game seed: 424114366470016638

163 sokol815 the Sneak (level 5, -3/30 HPs)
             Began as a Gargoyle Gladiator on Apr 10, 2022.
             Was a Priest of Wu Jian.
             Killed by nerve-wracking pain
             ... invoked by Menkaure
              (6 damage)
             ... on level 4 of the Dungeon.
             The game lasted 00:07:26 (3126 turns).

sokol815 the Sneak (Gargoyle Gladiator)             Turns: 3126, Time: 00:07:27

Health: -3/30      AC: 20    Str: 24    XL:     5   Next: 44%
Magic:  5/5        EV:  3    Int: 10    God:    Wu Jian [***...]
Gold:   150        SH:  4    Dex: 17    Spells: 4/4 levels left

rFire   + . .      SeeInvis .   a - +1 dagger (elec)
rCold   + . .      Faith    .   B - +0 buckler
rNeg    + . .      Spirit   .   w - +2 gold dragon scales
rPois   ∞          Reflect  .   f - +1 helmet
rElec   +          Harm     .   (no cloak)
rCorr   .          Rampage  .   (no gloves)
Will    .....                   (no boots)
Stlth   ..........              (no amulet)
HPRegen 0.10/turn               m - +6 ring of dexterity
MPRegen 0.09/turn               o - +6 ring of strength

@: no status effects
A: sickness immunity, AC +4, negative energy resistance 1, electricity
resistance, torment resistance 1, petrification resistance
a: Renounce Religion, Wall Jump, Serpent's Lash


You were on level 4 of the Dungeon.
You worshipped Wu Jian.
Wu Jian was most pleased with you.
You visited 1 branch of the dungeon, and saw 4 of its levels.

You collected 150 gold pieces.

Inventory:

Hand Weapons
 a - a +1 dagger of electrocution (weapon)
   (You took it off a goblin on level 2 of the Dungeon)
 b - a +2 dagger of draining
   (You took it off a goblin on level 1 of the Dungeon)
 c - a +0 quarterstaff
 r - a +0 dagger of venom
   (You took it off a kobold on level 2 of the Dungeon)
 v - a +2 hunting sling of freezing
   (You took it off a goblin on level 2 of the Dungeon)
Missiles
 d - 3 throwing nets {!d}
 i - 7 javelins
 s - 90 stones
 y - 4 poisoned darts
Armour
 e - a +0 ring mail
   (You found it on level 1 of the Dungeon)
 f - a +1 helmet (worn)
   (You found it on level 1 of the Dungeon)
 u - a +0 leather armour
 w - +2 gold dragon scales (worn)
   (You took it off a goblin on level 2 of the Dungeon)
 B - a +0 buckler (worn)
   (You found it on level 3 of the Dungeon)
Jewellery
 l - a ring of flight {+Fly, !d}
   (You found it on level 1 of the Dungeon)
 m - a +6 ring of dexterity (left hand)
   (You found it on level 1 of the Dungeon)
 o - a +6 ring of strength (right hand)
   (You found it on level 1 of the Dungeon)
 I - a +6 ring of intelligence
   (You found it on level 2 of the Dungeon)
 X - a ring of resist corrosion
   (You found it on level 3 of the Dungeon)
Wands
 q - a wand of flame (1)
   (You took it off Ijyb on level 4 of the Dungeon)
Scrolls
 j - a scroll of amnesia {unknown}
 E - a scroll of fear
Potions
 g - a potion of cancellation {unknown}
 h - a potion of mutation {unknown}
 k - a potion of heal wounds {@q2}
 n - 2 potions of invisibility
 t - a potion of brilliance {unknown}
 z - a potion of lignification {unknown}
 L - 7 potions of flight
 M - 2 potions of might
 R - a potion of resistance


   Skills:
 - Level 2.3 Fighting
 + Level 3.1 Short Blades
 - Level 3.0 Staves
 - Level 1.8 Throwing
 - Level 2.4 Dodging
 * Level 3.5 Stealth


You had 4 spell levels left.
You didn't know any spells.
Your spell library contained the following spells:

 Spells                   Type           Power      Damage    Failure   Level
 Fireball                 Conj/Fire      0%         3d3       100%        5
 Iskenderun's Battlesphe  Conj           0%         2d6       100%        5
 Conjure Ball Lightning   Conj/Air       0%         3x3d6     100%        6
 Orb of Destruction       Conj           0%         9d5       100%        7


Dungeon Overview and Level Annotations

Branches:
Dungeon (4/15)
 Temple: D:4-7

Altars:
Wu Jian

Annotations:
D:4 Menkaure


Innate Abilities, Weirdness & Mutations

You are immune to sickness and miasma.
Your stone body is resilient. (AC +4)
You are immune to poison.
You resist negative energy. (rN+)
You are resistant to electric shocks. (rElec)
You are resistant to unholy torment.
You are immune to petrification.


Message History

No target in view!
You see here a scroll of immolation {!r}.
Found a stone staircase leading up.
Health restored: 30
k - a murky purple potion Done exploring.
Done exploring.
(D) Dungeon
Where to? (Enter - D:3, ? - help)
There is a stone staircase leading down here.
You climb downwards.
Ijyb shouts!
The endoplasm quivers.
There is a stone staircase leading up here.
There are monsters nearby!
Ijyb zaps a wand.
The puff of flame hits you but does no damage.
You resist.
You climb upwards.
There is a stone staircase leading down here.
You climb downwards.
Level annotation: Ijyb The endoplasm hits you but does no damage.
There is a stone staircase leading up here.
You hit the endoplasm.
The endoplasm hits you but does no damage.
You hit the endoplasm.
The endoplasm hits you but does no damage.
You hit the endoplasm.
Lightning courses through the endoplasm!
You kill the endoplasm!
The Council accepts your kill.
Ijyb zaps a wand.
The puff of flame hits you but does no damage.
Ijyb zaps a wand.
The puff of flame hits you but does no damage.
You barely miss Ijyb.
Ijyb zaps a wand.
The puff of flame hits you but does no damage.
You hit Ijyb but do no damage. Lightning courses through Ijyb!
Ijyb hits you but does no damage.
Unknown command.
You closely miss Ijyb.
Ijyb drinks a potion.
Ijyb is healed!
You hit Ijyb. You hit Ijyb. Ijyb hits you but does no damage.
Unknown command.
You completely miss Ijyb. Ijyb hits you but does no damage.
You hit Ijyb. Lightning courses through Ijyb! Ijyb hits you but does no damage.
You hit Ijyb. Lightning courses through Ijyb!
You kill Ijyb!
The Council accepts your kill.
No target in view!
No target in view!
q - a wand of flame (1)
Things that are here:
a +0 dagger; a +0 leather armour; the goblin corpse of Ijyb
There is a stone staircase leading up here.
Found a stone staircase leading up.
Found a stone staircase leading down.
There is a stone staircase leading down here.
Found a stone staircase leading up.
Menkaure, Prince of Dust comes into view.
Menkaure shouts!
You start waiting.
Menkaure is nearby!
You start waiting.
Menkaure is nearby!
You barely miss Menkaure. Menkaure hits you but does no damage.
You hit Menkaure. You hit Menkaure but do no damage.
Menkaure hits you but does no damage.
You hit Menkaure.
Menkaure calls on the powers of darkness!
Your body is wracked with pain!
You take 6 damage, and have 24/30 hp.
You hit Menkaure. Menkaure hits you but does no damage.
You hit Menkaure. You hit Menkaure but do no damage.
A giant cockroach comes into view.
Menkaure hits you!
Ouch! That really hurt!
* * * LOW HITPOINT WARNING * * *
You take 15 damage, and have 9/30 hp.
MASSIVE DAMAGE!!
You hit the giant cockroach. Menkaure hits you but does no damage.
You barely miss the giant cockroach. The giant cockroach barely misses you.
Menkaure hits you but does no damage.
You hit the giant cockroach.
You kill the giant cockroach!
The Council accepts your kill.
You see here a giant cockroach corpse.
Menkaure points at you and mumbles some strange words.
Pain shoots through your body!
* * * LOW HITPOINT WARNING * * *
You take 7 damage, and have 3/30 hp.
MASSIVE DAMAGE!!
Menkaure casts a spell at you. Pain shoots through your body!
You die...

###...... #.....# #.# #.#
...####†##### ###
.........M..## #..
#..####.###..# #.. #..#
##.###.######## #..
#.#####.@..........####..
..##....##########..<....
####..#### ##...... #..##
####..###.. ##.##
##....###... # #..#
#..#####.... #. ##.##
#####.## #....
#..#..########.....#
#.... #...........>.#####
##<..


You could see Menkaure.

Vanquished Creatures
  Ijyb (D:4)
  4 adders
  2 worms (D:2)
  5 dart slugs
  An orc (D:3)
  6 bats
  2 endoplasms
  6 giant cockroaches
  11 goblins
  6 hobgoblins
  8 jackals
  A quokka (D:1)
  11 ball pythons
  A frilled lizard (D:2)
  5 kobolds
  15 rats
  3 bushes (D:2)
88 creatures vanquished.

Vanquished Creatures (others)
  7 plants (D:2)
7 creatures vanquished.

Grand Total: 95 creatures vanquished

Notes
Turn   | Place    | Note
-------+----------+-------------------------------------------
     0 | D:1      | sokol815 the Gargoyle Gladiator began the quest for the
                  | Orb.
     0 | D:1      | Reached XP level 1. HP: 12/12 MP: 1/1
    80 | D:1      | Found a faded altar of an unknown god.
   116 | D:1      | Prayed at the altar of an unknown god.
   116 | D:1      | Became a worshipper of the Wu Jian Council
   116 | D:1      | Reached * piety under Wu Jian
   191 | D:1      | Reached XP level 2. HP: 16/17 MP: 2/2
   227 | D:1      | Reached skill level 1 in Short Blades
   450 | D:1      | Reached XP level 3. HP: 21/21 MP: 3/3
   451 | D:1      | Reached skill level 2 in Short Blades
   694 | D:1      | Reached ** piety under Wu Jian
  1146 | D:2      | Reached skill level 1 in Stealth
  1151 | D:2      | Reached XP level 4. HP: 23/26 MP: 4/4
  1306 | D:2      | Reached skill level 2 in Stealth
  2322 | D:3      | Reached *** piety under Wu Jian
  2397 | D:3      | Reached skill level 3 in Short Blades
  2397 | D:3      | Reached XP level 5. HP: 30/30 MP: 5/5
  2435 | D:3      | Reached skill level 3 in Stealth
  3016 | D:4      | Noticed Ijyb
  3032 | D:4      | Killed Ijyb
  3102 | D:4      | Noticed Menkaure
  3124 | D:4      | HP: 3/30 [Menkaure/nerve-wracking pain (7)]
  3126 | D:4      | Killed from afar by Menkaure

Illustrated notes

Levels and vault maps discovered:
D:1:      psy_arrival_terrarium, layout_loops_ring,
          hellmonk_ecumenical_altar_lost_god, minmay_rat_gold_closets
D:2:      layout_basic, serial_forest, infiniplex_forest_straight_1,
          infiniplex_forest_clump_medium, infiniplex_forest_end_2,
          infiniplex_forest_clump_diagonal, infiniplex_forest_zigzag_1,
          infiniplex_forest_straight_2, infiniplex_forest_clump_curved,
          infiniplex_forest_clump_curved, infiniplex_forest_clump_large,
          minmay_shallow_snake_nest
D:3:      layout_basic
D:4:      layout_rooms, mainiacjoe_overflow_alcove_2, kennysheep_generic_room_3,
          uniq_menkaure, uniq_ijyb

Skill      XL: |  1  2  3  4  5 |
---------------+----------------+-----
Short Blades   | 1 2 3 |  3.1
Stealth        | 1 2 3 |  3.5
Fighting       | |  2.3
Staves         | |  3.0
Throwing       | |  1.8
Dodging        | |  2.4

Action                   |  1- 3 |  4- 6 || total
-------------------------+-------+-------++-------
Melee: Quarterstaff      |    14 |    39 ||    53
       Dagger            |   126 |   201 ||   327
       Punch             |     1 |       ||     1
Throw: Javelin           |     2 |       ||     2
       Stone             |     1 |       ||     1
Invok: Lunge             |    13 |    13 ||    26
       Whirlwind         |     1 |       ||     1
  Use: Scroll            |     3 |     8 ||    11
Armor: Leather armour    |     6 |       ||     6
       Ring mail         |    50 |    23 ||    73
       Gold dragon scale |       |    48 ||    48
Dodge: Dodged            |    91 |    39 ||   130
Block: Buckler           |       |     1 ||     1

Table legend: (Time is in decaauts)
 A = Elapsed time spent in this place.
 B = Non-inter-level travel time spent in this place.
 C = Inter-level travel time spent in this place.
 D = Time resting spent in this place.
 E = Time spent auto-exploring this place.
 F = Levels seen in this place.
 G = Mean time per level.
                   A        B        C        D        E       F      G
               +--------+--------+--------+--------+--------+-----+--------+
         Total |   3093 |   2923 |    170 |      6 |   2235 |   4 |  773.2 |
       Dungeon |   3093 |   2923 |    170 |      6 |   2235 |   4 |  773.2 |
               +--------+--------+--------+--------+--------+-----+--------+

Top non-repeatable levels by time:
     D:2: 1296 daAuts
     D:1: 988 daAuts
     D:3: 703 daAuts
     D:4: 105 daAuts

Table legend:
 A = Kills in this place as a percentage of kills in entire the game.
 B = Kills by you in this place as a percentage of kills by you in the entire game.
 C = Kills by friends in this place as a percentage of kills by friends in the entire game.
 D = Other kills in this place as a percentage of other kills in the entire game.
 E = Experience gained in this place as a percentage of experience gained in the entire game.
 F = Experience gained in this place divided by the number of levels of this place that you have seen.
                   A       B       C       D       E      F
               +-------+-------+-------+-------+-------+----------------------
         Total | 100.0 | 100.0 |   N/A |   N/A | 100.0 |  58.2
       Dungeon | 100.0 | 100.0 |   N/A |   N/A | 100.0 |  58.2
               +-------+-------+-------+-------+-------+----------------------
